[Event "Late-Titled-Tuesday-Blitz-January-30-2024"]
[Site "Chess.com"]
[Date "2024.01.30"]
[Round "1"]
[White "Njal28"]
[Black "tgpgoat"]
[Result "1-0"]
[WhiteElo "3035"]
[BlackElo "2530"]
[TimeControl "180+1"]
[EndTime "14:06:59 PST"]
[Termination "Njal28 won by resignation"]

1. e4 c5 2. Nf3 e6 3. d4 cxd4 4. Qxd4 Nc6 5. Qe3 d6 6. Nc3 Nf6 7. b3 a6 8. Bb2 Be7 9. O-O-O O-O 10. Rg1 Qc7 11. g4 b5 12. g5 Nd7 13. h4 Bb7 14. h5 Rac8 15. g6 Nce5 16. Nxe5 dxe5 17.
Bd3 b4 18. Na4 Nc5 19. Nxc5 Bxc5 20. Qg3 f6 21. h6 gxh6 22. gxh7+ Kh8 23. Qh4 Qxh7 24.
Rg4 Rc7 25. Rdg1 Rcf7 26. Rg6 h5 27. Kb1 Be7 28. Qh3 Bc8 29. Bc1 Rg7 30. Rxg7 Qxg7 31. Rxg7 Kxg7 32. Bc4 Rh8 33. Bxe6 Bxe6 34. Qxe6 1-0

[Event "Late-Titled-Tuesday-Blitz-January-30-2024"]
[Site "Chess.com"]
[Date "2024.01.30"]
[Round "1"]
[White "K_A_S_T_O_R"]
[Black "lupta_robin"]
[Result "1-0"]
[WhiteElo "2918"]
[BlackElo "2505"]
[TimeControl "180+1"]
[EndTime "14:06:59 PST"]
[Termination "K_A_S_T_O_R won by resignation"]

1. e4 g6 2. d4 Nf6 3. e5 Nh5 4. Nf3 d6 5. Be2 dxe5 6. Nxe5 Nf6 7. O-O Bg7 8. Bc4 O-O 9. Re1 Nbd7 10. Nd2 Nxe5 11.
dxe5 Nd5 12. Nf3 c6 13. h3 Qc7 14. Bxd5 cxd5 15. c3 Rd8 16. Qe2 Qc4 17. Qe3 b5 18.
Nd4 a5 19. b3 Qc5 20. a4 bxa4 21.
Rxa4 Bd7 22. Ra2 Rdc8 23. Bd2 a4 24. Rea1 Rcb8 25. bxa4 Qc4 26. a5 Ra6 27. Nc2 Bf5 28. Nb4 Raa8 29. a6 Bd7 30. Ra5 Qc7 31. Nxd5 Qd8 32. Qc5 Bf8 33. Qc7 e6 34. Nf6+ Kg7 35. Qxd7 1-0

[Event "Late-Titled-Tuesday-Blitz-January-30-2024"]
[Site "Chess.com"]
[Date "2024.01.30"]
[Round "1"]
[White "gomeschess02"]
[Black "TheNextLevelFan"]
[Result "0-1"]
[WhiteElo "2196"]
[BlackElo "2596"]
[TimeControl "180+1"]
[EndTime "14:06:59 PST"]
[Termination "TheNextLevelFan won on time"]

1. e4 c6 2. d4 d5 3. Nc3 dxe4 4.
Nxe4 g6 5. Nf3 Bg7 6. c3 Nd7 7. Bc4 Ngf6 8. Nxf6+ Nxf6 9. O-O O-O 10. Ne5 Nd5 11. Re1 Be6 12. Bb3 Nc7 13. Bc2 a5 14. h4 Qc8 15. Qf3 Bf5 16. Bxf5 Qxf5 17. Qxf5 gxf5 18.
Nd7 Rfe8 19. Bg5 f6 20. Bd2 Kf7 21. Re2 a4 22. Rae1 b5 23. b3 e6 24. Nc5 axb3 25. axb3 Ra2 26. Bf4 Rxe2 27. Rxe2 Nd5 28. Bd2 Bf8 29.
c4 bxc4 30. bxc4 Nb6 31. Bc1 Bxc5 32. dxc5 Nxc4 33. Ra2 Rd8 34. Ra7+ Kg6 35. Bf4 e5 36. Bg3 f4 37. h5+ Kxh5 38. Rxh7+ Kg6 0-1

[Event "Late-Titled-Tuesday-Blitz-January-30-2024"]
[Site "Chess.com"]
[Date "2024.01.30"]
[Round "1"]
[White "Iball95"]
[Black "ArchibaldCerveza29"]
[Result "1-0"]
[WhiteElo "2785"]
[BlackElo "2457"]
[TimeControl "180+1"]
[EndTime "14:07:00 PST"]
[Termination "Iball95 won by resignation"]

1. e4 b6 2. d4 Bb7 3. Nc3 g6 4. Nf3 Bg7 5. Be2 d6 6. O-O Nd7 7. Re1 e6 8. a4 a6 9. Be3 Ne7 10. Qd2 h6 11. Rad1 Qc8 12. h3 Rb8 13. Bf1 Nf8 14. Bf4 g5 15. Bh2 Nfg6 16. Qe3 Ra8 17. Bc4 Kf8 18. e5 d5 19. Bd3 c5 20. Bf1 Nf5 21. Qd2 Bc6 22. b3 Rb8 23. Ne2 b5 24. axb5 Bxb5 25. dxc5 Bxe2 26. Bxe2 Qxc5 27. Bxa6 Ke7 28. Bd3 Ngh4 29. Nxh4 Nxh4 30. Ra1 Ra8 31. Bg3 Ng6 32. Bxg6 fxg6 33. Qd3 Kf7 34. Qf3+ Ke7 35. Qd3 Kf7 36. Rxa8 Rxa8 37. Re3 Qb4 38. Kh2 g4 39. c3 Qxb3 40. hxg4 Rf8 41. Rf3+ Kg8 42. Qxg6 Rxf3 43. gxf3 Qxc3 44. Qxe6+ Kh7 45. Qxd5 Qd2 46. Qxd2 1-0

[Event "Late-Titled-Tuesday-Blitz-January-30-2024"]
[Site "Chess.com"]
[Date "2024.01.30"]
[Round "1"]
[White "jinbojinbo"]
[Black "picturesquecheck"]
[Result "1-0"]
[WhiteElo "2652"]
[BlackElo "2351"]
[TimeControl "180+1"]
[EndTime "14:07:02 PST"]
[Termination "jinbojinbo won by resignation"]

1. Nf3 d5 2. b3 Nf6 3. Bb2 g6 4. Bxf6 exf6 5. d4 Bd6 6. e3 O-O 7. Bd3 Nd7 8. O-O f5 9. g3 Nf6 10. c4 c6 11. Nc3 Bb4 12. Rc1 Ne4 13. Ne2 dxc4 14. bxc4 Re8 15. Qb3 Ba5 16. a4 Bc7 17. Bb1 b6 18. Rfd1 Qe7 19. d5 c5 20. Re1 Bd6 21.
Nc3 Bd7 22. Qd1 Rab8 23. Nd2 Ng5 24. h4 Nh3+ 25. Kg2 f4 26. exf4 Nxf4+ 27. gxf4 Qxh4 28. Qf3 Bxf4 29. Nf1 Bxc1 30. Ne4 Bf4 31. Ne3 Kg7 32. Rh1 Qe7 33. Qxf4 h5 34. d6 Qe5 35. Qxe5+ Rxe5 36. Nd5 Bc6 37. Rd1 Rd8 38. f4 Re6 39. Kf2 f5 40.
Ng5 Rexd6 41. Re1 Bd7 42. Re7+ Kg8 43. Nf7 Re6 1-0

[Event "Late-Titled-Tuesday-Blitz-January-30-2024"]
[Site "Chess.com"]
[Date "2024.01.30"]
[Round "1"]
[White "BigAl"]
[Black "FairChess_on_YouTube"]
[Result "0-1"]
[WhiteElo "2536"]
[BlackElo "3085"]
[TimeControl "180+1"]
[EndTime "14:07:05 PST"]
[Termination "FairChess_on_YouTube won by checkmate"]

1. Nf3 d5 2. g3 Nf6 3. Bg2 e6 4. O-O Be7 5. d3 O-O 6. Nbd2 a5 7. a4 Na6 8. d4 c5 9. e3 b6 10. Ne5 Nb8 11. f4 Ba6 12. Rf2 Nfd7 13. Ndf3 Nxe5 14. Nxe5 f6 15. Nf3 Nc6 16. c3 Rc8 17. Bh3 f5 18.
Kh1 Qe8 19. Ne1 Qg6 20. Qf3 b5 21. axb5 Bxb5 22. Bd2 a4 23. Rg2 h5 24. Rg1 Na5 25. Ng2 Nb3 26. Rad1 Bd3 27. Nh4 Qe8 28. Bg2 Bc2 29. Qe2 Bxd1 30. Rxd1 g6 31. Be1 Rb8 32. Nf3 c4 33. h3 Bf6 34. Bf2 Rf7 35. Rg1 Rfb7 36.
g4 hxg4 37. hxg4 Rh7+ 38. Nh2 Kf7 39. gxf5 gxf5 40. Bf3 Qh8 41. Rg2 Nc1 42. Qc2 Nd3 43. Qxa4 Rxb2 44. Qd7+ Be7 45. Bg1 Rb1 46. Bxd5 Qf6 47.
Bxc4 Ne1 48. Rg3 Rb2 49. d5 Rbxh2+ 50. Bxh2 Rxh2+ 51. Kxh2 Qh4+ 52. Rh3 Qf2+ 53. Kh1 Qg2# 0-1

[Event "Late-Titled-Tuesday-Blitz-January-30-2024"]
[Site "Chess.com"]
[Date "2024.01.30"]
[Round "1"]
[White "JulAnt"]
[Black "BogdanDeac"]
[Result "0-1"]
[WhiteElo "2533"]
[BlackElo "3059"]
[TimeControl "180+1"]
[EndTime "14:07:06 PST"]
[Termination "BogdanDeac won by resignation"]

1. d4 Nf6 2. c4 g6 3. Nc3 Bg7 4. e4 d6 5. Be2 O-O 6. Be3 a5 7. h4 h5 8. Qc2 Nc6 9. O-O-O a4 10. Kb1 a3 11. b3 e5 12. Nf3 Ng4 13. d5 Nd4 14.
Nxd4 exd4 15. Bxd4 Bxd4 16. Rxd4 Nxf2 17. Rf1 Ng4 18.
Bxg4 Bxg4 19. g3 Qe7 20. Qf2 Qe5 21. Rd3 f5 22. Qd4 fxe4 23. Rxf8+ Rxf8 24. Qxe5 dxe5 25. Nxe4 Rf1+ 26. Kc2 Bf5 27. Re3 Ra1 28. Kc3 Rxa2 29. c5 Rg2 30. d6 cxd6 31. cxd6 a2 32. Re1 Bxe4 33. d7 Rc2+ 34. Kb4 Rd2 0-1

[Event "Late-Titled-Tuesday-Blitz-January-30-2024"]
[Site "Chess.com"]
[Date "2024.01.30"]
[Round "1"]
[White "xhembulla"]
[Black "ilya2700"]
[Result "1-0"]
[WhiteElo "2638"]
[BlackElo "2316"]
[TimeControl "180+1"]
[EndTime "14:07:08 PST"]
[Termination "xhembulla won on time"]

1. e4 c5 2. c3 e6 3. d4 d5 4.
exd5 exd5 5. Nf3 Nc6 6. Bd3 Nf6 7. O-O Bd6 8. Re1+ Be6 9. dxc5 Bxc5 10. Nbd2 O-O 11. Nb3 Bb6 12. h3 h6 13. Nbd4 Qd7 14. Nxc6 bxc6 15. Ne5 Qc7 16. Bf4 Rfe8 17. Qf3 Bc5 18.
Bxh6 Bd6 19. Bf4 Rab8 20. b3 Nd7 21. Qh5 Nf6 22. Qh4 c5 23. Bg3 Bc8 24. Ng4 Bxg4 25. Bxd6 Qxd6 26. hxg4 Qf4 27. f3 c4 28. bxc4 dxc4 29.
Bf1 Rxe1 30. Rxe1 Rb2 31. Rd1 g6 32. Qe1 Rxa2 33. Rd4 Qc7 34. Bxc4 1-0

[Event "Late-Titled-Tuesday-Blitz-January-30-2024"]
[Site "Chess.com"]
[Date "2024.01.30"]
[Round "1"]
[White "kai_nov"]
[Black "Tomytoteph"]
[Result "0-1"]
[WhiteElo "2288"]
[BlackElo "2619"]
[TimeControl "180+1"]
[EndTime "14:07:08 PST"]
[Termination "Tomytoteph won on time"]

1. d4 Nf6 2. c4 e6 3. Nc3 Bb4 4. f3 d5 5. a3 Bxc3+ 6. bxc3 O-O 7. e3 c5 8. cxd5 Nxd5 9. Bd2 Nc6 10. f4 b6 11. Nf3 Bb7 12. Bd3 h6 13. O-O Rc8 14. Ne5 Nxe5 15. fxe5 Qg5 16. Qe2 Qe7 17. Rf2 cxd4 18. cxd4 Nc3 19. Qg4 Qg5 20. Qxg5 hxg5 21. Raf1 Ne4 22. Bxe4 Bxe4 23. Bb4 Bg6 24. Bxf8 Kxf8 25.
e4 Rc4 26. d5 Rxe4 27. d6 Rxe5 28. Rc1 Ke8 29. Rd2 Rc5 30. Rxc5 bxc5 31. Kf2 Kd7 32.
Ke3 f5 33. g3 e5 34. Rd5 f4+ 35. gxf4 exf4+ 36. Kf3 Bh5+ 37. Ke4 f3 38. Ke3 g6 39.
Rxc5 Kxd6 40. Ra5 g4 41. Rxa7 Kc6 42. Ra5 Kb6 43. Ra4 Kb5 44. Ra8 Kb6 45. Rd8 Kb7 46.
Rd4 Kb6 47. Rb4+ Ka5 48. Rf4 Ka6 49. Rd4 Ka5 0-1

[Event "Late-Titled-Tuesday-Blitz-January-30-2024"]
[Site "Chess.com"]
[Date "2024.01.30"]
[Round "1"]
[White "pavet"]
[Black "pooh2012"]
[Result "0-1"]
[WhiteElo "2769"]
[BlackElo "2473"]
[TimeControl "180+1"]
[EndTime "14:07:11 PST"]
[Termination "pooh2012 won by resignation"]

1. e4 c6 2. d4 d5 3. f3 e6 4. Be3 Qb6 5. Nd2 Nf6 6. Bd3 c5 7. c3 Qxb2 8. Ne2 c4 9. Bc2 Qb6 10. O-O Be7 11. Rb1 Qa5 12. e5 Nfd7 13. f4 g6 14. Nf3 Nc6 15. Qd2 b5 16. g4 h5 17. f5 hxg4 18. fxe6 gxf3 19. exd7+ Bxd7 20. Nf4 b4 21. cxb4 Nxb4 22. Bd1 Bf5 23. Bxf3 Bxb1 24. Rxb1 Rd8 25. e6 Qxa2 26. Rb2 Qa3 27. exf7+ Kxf7 28. Qf2 Bf6 29. Rxb4 Qxb4 30. Bxd5+ Rxd5 31. Nxd5 Qb1+ 32.
Kg2 Qf5 33. Nf4 g5 34. Ne2 Qxf2+ 35. Bxf2 a5 36. Nc3 Rb8 37. Ne4 Ke6 38. Nc5+ Kf5 39. d5 Rd8 40. Na4 Rxd5 41. Nb6 Rb5 42. Nxc4 Ke6 43.
Kf3 a4 44. h4 Rb3+ 45. Ke4 gxh4 46. Nd2 Rb4+ 47. Kd3 a3 48. Bc5 a2 49. Bxb4 a1=Q 50. Nf3 Qb1+ 51. Kc4 Qe4+ 52. Kb5 Qxf3 53. Ka4 h3 0-1

[Event "Late-Titled-Tuesday-Blitz-January-30-2024"]
[Site "Chess.com"]
[Date "2024.01.30"]
[Round "1"]
[White "RianKapriaga"]
[Black "Malev212"]
[Result "0-1"]
[WhiteElo "2355"]
[BlackElo "2659"]
[TimeControl "180+1"]
[EndTime "14:07:13 PST"]
[Termination "Malev212 won on time"]

1. d4 g6 2. Nf3 Bg7 3. c4 c5 4. d5 d6 5. Nc3 Bxc3+ 6. bxc3 e5 7. dxe6 Bxe6 8. e4 Nc6 9. Bf4 Nf6 10. Bd3 Ng4 11. O-O O-O 12. Qe2 Nge5 13. Rfd1 Bg4 14. Qe3 Qf6 15. Be2 Bxf3 16. Bxf3 Nxc4 17.
Qc1 Rfe8 18. Rd5 N6e5 19. Be2 Nb6 20. Rd1 Qe6 21. h3 Nbc4 22. Bh6 Rad8 23. Rb1 b6 24. Rd5 Na5 25. Qe3 Nd7 26. Bf3 Qxd5 27.
exd5 Rxe3 28. Bxe3 Nc4 29. Bh6 f6 30. h4 Kf7 31. Bg4 f5 32. Bf3 Re8 33. g4 Nde5 34. Bd1 fxg4 35. Kg2 Nf3 36. Bxf3 gxf3+ 37. Kxf3 Re5 38.
Kg4 Rxd5 0-1

[Event "Late-Titled-Tuesday-Blitz-January-30-2024"]
[Site "Chess.com"]
[Date "2024.01.30"]
[Round "1"]
[White "bazar-wokzal"]
[Black "norwaytoadog"]
[Result "1-0"]
[WhiteElo "2606"]
[BlackElo "2249"]
[TimeControl "180+1"]
[EndTime "14:07:13 PST"]
[Termination "bazar-wokzal won on time"]

1. e4 c5 2. c3 d5 3. exd5 Qxd5 4.
d4 Nc6 5. Nf3 Bg4 6. dxc5 Qxd1+ 7. Kxd1 e6 8. b4 a5 9. Bb5 Ne7 10. Bd2 O-O-O 11. Kc2 axb4 12. Bxc6 Nxc6 13. cxb4 Bxf3 14.
gxf3 Nd4+ 15. Kb2 Nxf3 16. Bc3 e5 17. Na3 Be7 18. Nc4 Bf6 19. Nd6+ Rxd6 20. cxd6 Kd7 21. Rad1 Rc8 22. Kb3 Nd4+ 23. Bxd4 exd4 24. Rc1 Re8 25. Rc7+ Kxd6 26. Rxb7 Re2 27. a4 d3 28. Rd1 d2 29.
Kc2 Bg5 30. Rxf7 Re4 31. Rxg7 h6 32. Rg6+ Kd5 33. Rb6 Kc4 34. a5 Re1 35. a6 1-0

[Event "Late-Titled-Tuesday-Blitz-January-30-2024"]
[Site "Chess.com"]
[Date "2024.01.30"]
[Round "1"]
[White "marcodobrikov"]
[Black "icychess54"]
[Result "1-0"]
[WhiteElo "2602"]
[BlackElo "2231"]
[TimeControl "180+1"]
[EndTime "14:07:13 PST"]
[Termination "marcodobrikov won by resignation"]

1. c4 c6 2. e4 d5 3. exd5 cxd5 4. d4 Nf6 5. Nf3 Nc6 6. Nc3 Bg4 7. Be3 e6 8. h3 Bxf3 9. Qxf3 Be7 10. cxd5 Nxd5 11. Bc4 Nxc3 12. bxc3 O-O 13. O-O Rc8 14. Rab1 b6 15.
Ba6 Rc7 16. Rfd1 Na5 17. d5 Qd6 18. dxe6 Qxe6 19. Bf4 Rc5 20. Re1 Qf6 21. Qg3 Rxc3 22. Qh2 Bc5 23. Re2 Rd8 24. Be5 Qg6 25. Bxc3 Qxb1+ 26. Re1 Bxf2+ 27. Kxf2 Qc2+ 28. Kg1 Qxc3 29. Rf1 Qd4+ 30.
Kh1 Qd6 31. Qg1 Qd4 32. Qh2 Qd6 33. Qg1 Re8 34. Qf2 Qe6 35. Bb5 Rd8 36. a4 h5 37.
Qf3 g6 38. Qc3 Qd6 39. Qf3 Qd5 40. Qf6 Rd6 41. Qe7 Qe6 42. Qxa7 Rd2 43. Qa8+ Kg7 44. Be8 Rf2 45. Rg1 h4 46. Bb5 Rf3 47. Qxf3 1-0

[Event "Late-Titled-Tuesday-Blitz-January-30-2024"]
[Site "Chess.com"]
[Date "2024.01.30"]
[Round "1"]
[White "jsdbv18"]
[Black "finec2"]
[Result "1-0"]
[WhiteElo "2604"]
[BlackElo "2237"]
[TimeControl "180+1"]
[EndTime "14:07:14 PST"]
[Termination "jsdbv18 won by checkmate"]

1. d4 Nf6 2. c4 g6 3. Nf3 Bg7 4. Nc3 O-O 5. e4 d6 6. Be2 Nbd7 7. O-O e5 8. Be3 Qe7 9. d5 c5 10. Ne1 Kh8 11. a3 Ng8 12. b4 b6 13. Nd3 Bh6 14.
Bxh6 Nxh6 15. Qd2 Ng8 16. a4 a5 17. bxa5 bxa5 18. Nb5 Nb6 19. f4 f6 20. fxe5 fxe5 21. Rxf8 Qxf8 22. Rf1 Qe7 23. Nc1 Nxa4 24. Nb3 Qd8 25.
Rf7 Bd7 26. Nxd6 Nb6 27. Nxa5 Be8 28. Nab7 Ra1+ 29. Bf1 Qh4 30. Nxe8 Nxc4 31. Qf2 Qxe4 32. Nf6 Qd4 33. Qxd4 cxd4 34. Rxh7# 1-0

[Event "Late-Titled-Tuesday-Blitz-January-30-2024"]
[Site "Chess.com"]
[Date "2024.01.30"]
[Round "1"]
[White "sari07"]
[Black "TanitoluwaAps116"]
[Result "0-1"]
[WhiteElo "2405"]
[BlackElo "2704"]
[TimeControl "180+1"]
[EndTime "14:07:15 PST"]
[Termination "TanitoluwaAps116 won on time"]

1. d4 Nf6 2. Bf4 e6 3. e3 d5 4.
Nd2 Bd6 5. Bg3 c5 6. c3 Qc7 7. Ngf3 Nbd7 8. Bd3 e5 9. dxe5 Nxe5 10. Nxe5 Bxe5 11. Nf3 Bxg3 12. hxg3 O-O 13. Qc2 h6 14.
O-O-O Bg4 15. Rh4 Qc8 16. Rxg4 Qxg4 17. Bf5 Qh5 18. Ne5 Rae8 19. f4 g6 20. g4 Qh4 21.
Bxg6 Rxe5 22. fxe5 Nxg4 23. e6 fxe6 24. Be8 Qg5 25.
Qg6+ Qxg6 26. Bxg6 Nxe3 27. Re1 Rf1 28. Rxf1 Nxf1 29.
Bd3 Ng3 30. Bb5 Kg7 31. Kd2 Kf6 32. Ke3 Nf5+ 33. Kf3 b6 34. a4 a5 35. Bc6 Nd6 36. Bd7 Nc4 37. b3 Ne5+ 0-1

[Event "Late-Titled-Tuesday-Blitz-January-30-2024"]
[Site "Chess.com"]
[Date "2024.01.30"]
[Round "1"]
[White "Polish_fighter3000"]
[Black "Airquake"]
[Result "1-0"]
[WhiteElo "3042"]
[BlackElo "2531"]
[TimeControl "180+1"]
[EndTime "14:07:16 PST"]
[Termination "Polish_fighter3000 won on time"]

1. Nf3 c5 2. b3 d5 3. e3 Nf6 4.
Bb2 e6 5. c4 Nc6 6. cxd5 Nxd5 7. Nc3 Ndb4 8. Qb1 b6 9. a3 Nd5 10.
Ne4 Bb7 11. h4 Qd7 12. Qc2 f5 13. Nc3 Nf6 14. Ne2 Be7 15. Nf4 Nd5 16. Nxd5 exd5 17. Bxg7 Rg8 18. Bb2 d4 19. b4 cxb4 20. Qb3 Rg4 21.
Bb5 dxe3 22. dxe3 bxa3 23. Rd1 Bb4+ 24. Ke2 Qf7 25. Qxf7+ Kxf7 26. Rd7+ Ke6 27. Rxb7 Na5 28. Bd7+ Ke7 29. Rc7 Kd8 30. Be5 Nc4 31. Rxc4 Rxc4 32. Bxf5 Bc3 33. Kd3 Bxe5 34. Kxc4 1-0

[Event "Late-Titled-Tuesday-Blitz-January-30-2024"]
[Site "Chess.com"]
[Date "2024.01.30"]
[Round "1"]
[White "el_sporco"]
[Black "Witik"]
[Result "1-0"]
[WhiteElo "2379"]
[BlackElo "2646"]
[TimeControl "180+1"]
[EndTime "14:07:18 PST"]
[Termination "el_sporco won on time"]

1. e4 c6 2. d4 d5 3. Nd2 dxe4 4. Nxe4 Nf6 5. Nxf6+ exf6 6. c3 Bd6 7. Bd3 O-O 8. Qc2 Re8+ 9. Ne2 h6 10. O-O a5 11.
Bf4 Bf8 12. Rfe1 Na6 13. Ng3 Be6 14. Re2 Nc7 15. Rae1 Nd5 16. Bd2 Qd7 17. a3 b5 18.
f4 Qa7 19. Kh1 Bd7 20. Rxe8 Rxe8 21. Qd1 Qb8 22. Rxe8 Qxe8 23. Qe2 Qb8 24. Qe4 g6 25. f5 g5 26. Nh5 Qd6 27. Be1 Qe7 28. Bg3 Qxe4 29.
Bxe4 Be7 30. Kg1 Nb6 31. Bc7 Nc4 32. b3 Nxa3 33. Bxa5 Kf8 34. Bb4 Bxb4 35. cxb4 Ke7 36. Kf2 Be8 37. Ke3 1-0

[Event "Late-Titled-Tuesday-Blitz-January-30-2024"]
[Site "Chess.com"]
[Date "2024.01.30"]
[Round "1"]
[White "Nouali_Mohamed"]
[Black "Durarbayli"]
[Result "0-1"]
[WhiteElo "2503"]
[BlackElo "2907"]
[TimeControl "180+1"]
[EndTime "14:07:19 PST"]
[Termination "Durarbayli won on time"]

1. e4 c5 2. Nf3 d6 3. d4 cxd4 4. Nxd4 Nf6 5. Nc3 Nc6 6. Bc4 e6 7. Bb3 a6 8. Bg5 Be7 9. f4 h6 10. Bxf6 Bxf6 11. Nxc6 Bxc3+ 12. bxc3 bxc6 13. O-O O-O 14. f5 exf5 15. exf5 Qf6 16. Qd4 Qxd4+ 17. cxd4 Re8 18.
Rae1 Bd7 19. f6 Rxe1 20. Rxe1 gxf6 21. Re7 Be8 22. Kf2 Kf8 23. Rc7 Rb8 24. Ra7 Rb6 25. a4 c5 26. a5 Rb4 27. dxc5 dxc5 28. Rc7 Rb5 29. Bd5 Rxa5 30. Rc8 Ke7 31. c4 Bd7 32.
Rh8 Ra2+ 33. Kg3 a5 34. Rxh6 a4 35. Rh4 a3 36. Re4+ Kf8 37. Re3 Ra1 38. h4 Bf5 39.
Rf3 a2 40. Ra3 Bc2 41. h5 Kg7 42. Ra7 Kh6 43. Bxf7 Bb3 44. Bg6 Kg5 45. h6 Kxg6 46. h7 Rh1 0-1

[Event "Late-Titled-Tuesday-Blitz-January-30-2024"]
[Site "Chess.com"]
[Date "2024.01.30"]
[Round "1"]
[White "Tejas_Rama"]
[Black "carloseduar100"]
[Result "0-1"]
[WhiteElo "2603"]
[BlackElo "2304"]
[TimeControl "180+1"]
[EndTime "14:07:20 PST"]
[Termination "carloseduar100 won by resignation"]

1. d4 d5 2. c4 e5 3. dxe5 d4 4. Nf3 Nc6 5. Nbd2 Bg4 6. g3 Nge7 7. h3 Bxf3 8. exf3 Ng6 9. f4 f6 10. Qh5 Qe7 11. Nf3 O-O-O 12. Bd3 Qf7 13. Qg4+ Kb8 14.
e6 Bb4+ 15. Kf1 Qe7 16. Kg2 Nf8 17. a3 g6 18. axb4 h5 19. Qh4 Nxb4 20. Be4 Qxe6 21. f5 gxf5 22. Bd5 Nxd5 23. cxd5 Rxd5 24. Re1 Qf7 25. Qf4 Ng6 26. Qd2 Rhd8 27. Ra4 h4 28.
Qd3 Ne5 29. Qxf5 hxg3 30. fxg3 Nxf3 31. Qxf3 d3 32. Rd1 d2 33. Bxd2 Rxd2+ 34. Rxd2 Rxd2+ 35. Kh1 Qd7 36. Ra1 Qxh3+ 0-1

[Event "Late-Titled-Tuesday-Blitz-January-30-2024"]
[Site "Chess.com"]
[Date "2024.01.30"]
[Round "1"]
[White "GianmarcoVaR"]
[Black "ferdipy"]
[Result "0-1"]
[WhiteElo "2670"]
[BlackElo "2408"]
[TimeControl "180+1"]
[EndTime "14:07:21 PST"]
[Termination "ferdipy won by resignation"]

1. d4 e5 2. dxe5 d6 3. Nf3 Nc6 4. Bf4 f6 5. exd6 Bxd6 6. Bxd6 cxd6 7. Nc3 Be6 8. g3 Qb6 9. Rb1 O-O-O 10. Bg2 d5 11. O-O Nge7 12. e3 h5 13. h3 g5 14.
Nd4 Bf7 15. Na4 Qc7 16. Nc5 Rd6 17. Nb5 Qd8 18. b4 a6 19. Nxd6+ Qxd6 20. c4 d4 21. Nxb7 Kxb7 22. exd4 Bxc4 23. Re1 Ka7 24. Qc2 Bd5 25.
Qc5+ Qxc5 26. dxc5 Bxg2 27. Kxg2 Nd5 28. a3 h4 29.
Rbd1 Rd8 30. Kf3 Ne5+ 31. Ke4 Nc3+ 32. Kf5 Rxd1 33. Rxd1 Nxd1 34. Kxf6 Nf3 35. Ke7 Nxf2 36. c6 Kb6 37. gxh4 Kxc6 38. h5 Nh4 39. Kf6 Nxh3 40. h6 Nf4 41. Kf7 g4 42. h7 Nhg6 43. h8=Q Nxh8+ 44. Kg7 g3 0-1

[Event "Late-Titled-Tuesday-Blitz-January-30-2024"]
[Site "Chess.com"]
[Date "2024.01.30"]
[Round "1"]
[White "szachmistrz2500"]
[Black "klimkoj"]
[Result "0-1"]
[WhiteElo "2505"]
[BlackElo "2915"]
[TimeControl "180+1"]
[EndTime "14:07:23 PST"]
[Termination "klimkoj won on time"]

1. d4 Nf6 2. Nf3 e6 3. c4 d5 4. Nc3 Bb4 5. Bg5 h6 6. Bxf6 Qxf6 7. e3 O-O 8. a3 Bxc3+ 9. bxc3 c5 10. Be2 dxc4 11.
Bxc4 b6 12. O-O Bb7 13. Qe2 Nc6 14. dxc5 bxc5 15. Ba6 Rab8 16. Rab1 Ba8 17. Qc4 Rb6 18. Rxb6 axb6 19. Rb1 Na5 20. Qe2 Qxc3 21. Rxb6 Qxa3 22. h3 c4 23. Nd4 c3 24. Bd3 e5 25. Nf5 Qa4 26. e4 g6 27. Qg4 Nc6 28. Nxh6+ Kh7 29. Nf5 Kg8 30. Nh6+ Kh7 31. Nf5 Rh8 32. Bb5 Qa1+ 33.
Kh2 c2 0-1

[Event "Late-Titled-Tuesday-Blitz-January-30-2024"]
[Site "Chess.com"]
[Date "2024.01.30"]
[Round "1"]
[White "venturov"]
[Black "JSPrepz"]
[Result "0-1"]
[WhiteElo "2486"]
[BlackElo "2854"]
[TimeControl "180+1"]
[EndTime "14:07:24 PST"]
[Termination "JSPrepz won on time"]

1. Nf3 g6 2. g3 Bg7 3. Bg2 c5 4. O-O Nc6 5. e4 Nf6 6. Re1 O-O 7. d4 cxd4 8. Nxd4 d5 9. exd5 Nxd5 10. Nxc6 bxc6 11. c3 Qc7 12. Na3 Rd8 13. Qe2 Be6 14.
Nc4 Rab8 15. Ne3 Nxc3 16. bxc3 Bxc3 17. Ba3 Rd2 18. Qa6 Rb6 19. Qa4 Bxa1 20. Rxa1 Bxa2 21. Bc1 Bb3 22. Qxa7 Qxa7 23. Rxa7 Ra2 24. Rxa2 Bxa2 25. Bf1 e5 26. Ba3 f6 27. h4 Kf7 28. Bc5 Rb1 29. Kg2 Bd5+ 30. f3 Rb2+ 31. Kh3 Bxf3 32. Bc4+ Kg7 33.
h5 Rb1 34. h6+ Kxh6 35. Bf8+ Kg5 36. g4 Kf4 37. Bh6+ g5 38. Ng2+ Bxg2+ 39. Kxg2 Kxg4 40. Bg7 Rb2+ 41. Kf1 Kf5 42. Bd3+ e4 0-1

[Event "Late-Titled-Tuesday-Blitz-January-30-2024"]
[Site "Chess.com"]
[Date "2024.01.30"]
[Round "1"]
[White "GMG"]
[Black "gabduschew"]
[Result "1-0"]
[WhiteElo "2809"]
[BlackElo "2465"]
[TimeControl "180+1"]
[EndTime "14:07:24 PST"]
[Termination "GMG won on time"]

1. Nf3 Nc6 2. d4 d6 3. d5 Nb8 4. h3 c6 5. e4 Nf6 6. Nc3 cxd5 7. exd5 g6 8. Bc4 Bg7 9. O-O O-O 10. Re1 a6 11. a4 Qc7 12. Bf1 b6 13. Bg5 Bb7 14. Qd2 Re8 15. Rad1 Nbd7 16. Qf4 Rac8 17. Bh6 Bh8 18. g4 Qc5 19. Qd2 Qb4 20. Rb1 Nc5 21. Red1 Nxa4 22. Nxa4 Qxa4 23. c4 Ne4 24. Qe3 Nc5 25.
Nd4 e6 26. b3 Qd7 27. dxe6 Nxe6 28. Nxe6 Qxe6 29. Qxe6 Rxe6 30. Be3 b5 31. cxb5 axb5 32. Bxb5 Be4 33. Rbc1 Rb8 34. Bc4 d5 35. Bxd5 Bxd5 36. Rxd5 Rxb3 37. Rc8+ Kg7 38. Rdd8 1-0

[Event "Late-Titled-Tuesday-Blitz-January-30-2024"]
[Site "Chess.com"]
[Date "2024.01.30"]
[Round "1"]
[White "sina101"]
[Black "Jospem"]
[Result "0-1"]
[WhiteElo "2536"]
[BlackElo "3070"]
[TimeControl "180+1"]
[EndTime "14:07:26 PST"]
[Termination "Jospem won by resignation"]

1. e4 c5 2. Nf3 d6 3. b3 Nf6 4.
Nc3 a6 5. a4 Nc6 6. Bb2 Bg4 7.
h3 Bxf3 8. Qxf3 e6 9. d3 Be7 10. Qd1 Nd7 11. Be2 Bf6 12. O-O Bd4 13. Qd2 O-O 14. Nd1 Bxb2 15. Nxb2 b5 16. axb5 axb5 17.
g3 Qb6 18. Bf3 Nd4 19. Bg2 h6 20. Rfc1 Ra7 21. Nd1 Rfa8 22. Rxa7 Rxa7 23. Nc3 Qa5 24. Kh2 Ne5 25. Kh1 Nec6 26. Nb1 Qxd2 27. Nxd2 Nb4 28. Nf3 Ndxc2 29. e5 d5 30. g4 Ra2 31. Bf1 d4 32. Nd2 Ra1 33. Rxa1 Nxa1 34. Kg2 Kf8 35. Kf3 Ke7 36. Ke4 Nd5 37. f4 Nc2 38. Kf3 Nc3 39.
f5 Ne3 40. Kf4 g5+ 41. fxg6 fxg6 42. h4 Kf7 43. Kf3 Ncd5 44. g5 hxg5 45. hxg5 Nb4 46. Ne4 Nxf1 47. Nxc5 Nd2+ 48. Ke2 Nb1 49. Ne4 Nc3+ 50. Kf3 Nxe4 51. Kxe4 Nc6 52. Kf4 Ke7 53. Ke4 Kd7 54. Kf4 Kc7 55. Kf3 Kb6 56. Ke2 Kc5 57. Kd2 Nxe5 0-1

[Event "Late-Titled-Tuesday-Blitz-January-30-2024"]
[Site "Chess.com"]
[Date "2024.01.30"]
[Round "1"]
[White "ukchessbomber"]
[Black "pirulillo"]
[Result "1-0"]
[WhiteElo "2621"]
[BlackElo "2296"]
[TimeControl "180+1"]
[EndTime "14:07:26 PST"]
[Termination "ukchessbomber won by resignation"]

1. h4 d5 2. Nf3 c5 3. e3 Nc6 4.
b3 e5 5. Bb2 f6 6. Nc3 Be6 7.
Bb5 Qc7 8. e4 Ne7 9. exd5 Nxd5 10. Nxd5 Bxd5 11. Qe2 O-O-O 12. O-O-O Nd4 13. Nxd4 cxd4 14. Bd3 Kb8 15. f3 Qa5 16. Kb1 Ba3 17. Rhf1 Rhe8 18. Bxh7 Re6 19. Bd3 Rdd6 20. Ba1 Ra6 21.
Bxa6 Rxa6 22. f4 Bd6 23. a4 Bc6 24. fxe5 Bxe5 25. Qc4 Bd5 26. Qd3 Rb6 27. Bxd4 Bxd4 28. Qxd4 Rb4 29. Qc3 Qxa4 30. Rfe1 Bc4 31. Re8+ Qxe8 32.
Qxb4 Ba6 33. Qd6+ Ka8 34. Kb2 b6 35. Rh1 Bb7 36. Rh3 a6 37. Re3 Qh5 38. Qxb6 Qxh4 39.
Re8+ Bc8 40. Re7 Qd4+ 41. Qxd4 1-0